 Dungeon Crawl Stone Soup version 0.25.0-1-g7eea58d2a3 (webtiles) character file.

Game seed: 15878389621973748331

379 Anothat the Ruffian (level 6, -3/62 HPs)
             Began as a Troll Monk on June 14, 2020.
             Was a Believer of Ru.
             Slain by an orc
             ... wielding a +0 hand axe
              (6 damage)
             ... on level 4 of the Dungeon.
             The game lasted 00:05:17 (2698 turns).

Anothat the Ruffian (Troll Monk)                    Turns: 2698, Time: 00:05:17

Health: -3/62      AC:  7    Str: 22    XL:     6   Next: 45%
Magic:  5/5        EV: 11    Int:  6    God:    Ru [**....]
Gold:   135        SH:  0    Dex: 12    Spells: 5/5 levels left

rFire    . . .     SeeInvis .     - Unarmed
rCold    . . .     Gourm    +   (no shield)
rNeg     . . .     Faith    .   a - +0 robe
rPois    .         Spirit   .   l - +1 hat
rElec    .         Reflect  .   (no cloak)
rCorr    .         Harm     .   (gloves unavailable)
MR       .....                  (boots unavailable)
Stlth    ++........             (no amulet)
HPRegen  0.60/turn              (no ring)
MPRegen  0.09/turn              (no ring)

@: brilliant, lethally poisoned (-3 -> -4), stab, slowed, very slow
A: large, unfitting armour, claws 3, fast metabolism 3, gourmand, regeneration
1, shaggy fur 1, tough skin 3, inability to use devices
a: Renounce Religion


You were on level 4 of the Dungeon.
You worshipped Ru.
Ru was pleased with you.
You were very full.

You visited 1 branch of the dungeon, and saw 4 of its levels.

You collected 135 gold pieces.

Inventory:

Armour
 a - a +0 robe (worn)
 l - a +1 hat (worn)
Jewellery
 f - an uncursed amulet of faith
 p - an uncursed ring of ice
Scrolls
 c - 6 scrolls of identify {unknown}
 d - 2 scrolls of teleportation {unknown}
 i - 7 scrolls of remove curse {unknown}
 j - a scroll of magic mapping {unknown}
 k - a scroll of enchant armour {unknown}
 n - 2 scrolls of fear {unknown}
Potions
 e - 2 potions of flight
 m - a potion of berserk rage {unknown}
 o - a potion of brilliance
 q - a potion of ambrosia {unknown}
Comestibles
 b - 12 rations


   Skills:
 + Level 3.6 Fighting
 + Level 3.6 Dodging
 - Level 1.3 Stealth
 * Level 5.3 Unarmed Combat


You had 5 spell levels left.
You didn't know any spells.
Your spell library was empty.

Dungeon Overview and Level Annotations

Branches:
Dungeon (4/15)
 Temple: D:4-7

Altars:
Ashenzari
Fedhas
Nemelex Xobeh
Okawaru
Qazlal
Ru
Trog
Wu Jian
Yredelemnul
The Shining One

Annotations:
D:3 1 runed translucent door


Innate Abilities, Weirdness & Mutations

You are too large for most types of armour.
You have claws for hands.
Your metabolism is lightning-fast.
You like to eat raw meat.
Your natural rate of healing is unusually fast.
You are covered in fur. (AC +1)
You have extremely tough skin. (AC +3)
You cannot study or use magical devices.


Message History

* * * LOW HITPOINT WARNING * * *
The orc freezes you.
* * * LOW HITPOINT WARNING * * *
The orc hits you but does no damage. The phantom misses you.
The orc closely misses you. The orc hits you with a +0 hand axe.
* * * LOW HITPOINT WARNING * * *
It was a potion of brilliance.
You feel clever all of a sudden.
You feel sick. The orc barely misses you.
You redirect the phantom's attack!
The phantom closely misses you. The orc barely misses you.
The orc hits you with a +0 hand axe.
* * * LOW HITPOINT WARNING * * *
The orc hits you with a +0 flail.
* * * LOW HITPOINT WARNING * * *
It was a potion of stabbing.
You feel ready to backstab.
You feel sick. The phantom barely misses you.
The orc hits you but does no damage. The orc hits you with a +0 hand axe.
You die...

####### #.....#
#######.....###########.
.....[#.................
......'...[.(...........
#####.#..........o......
#..#####....@W......
##.# #.((o)o...... #.#
#..(......... ...
#............ ##.#
#............ #.
#.....)...... ..
.....?####### .......#
.......%#


You could see a phantom (corona) and 3 orcs.

Vanquished Creatures
  An ogre (D:3)
  A human skeleton (D:3)
  An orc wizard (D:4)
  A worker ant (D:4)
  Robin (D:3)
  3 gnolls (D:3)
  6 adders
  6 worms
  4 leopard geckos
  7 orcs (D:3)
  A giant cockroach (D:3)
  19 goblins
  14 hobgoblins
  8 jackals
  4 kobolds
  2 quokkas (D:4)
  6 bats
  4 frilled lizards
  A goblin zombie (D:3)
  8 rats
98 creatures vanquished.

Notes
Turn   | Place    | Note
-------+----------+-------------------------------------------
     0 | D:1      | Anothat the Troll Monk began the quest for the Orb.
     0 | D:1      | Reached XP level 1. HP: 22/22 MP: 0/0
   162 | D:1      | Reached XP level 2. HP: 29/29 MP: 1/1
   531 | D:1      | Reached XP level 3. HP: 36/36 MP: 2/2
   906 | D:2      | Found an iron altar of Okawaru.
  1100 | D:2      | Found an ornate altar of the Wu Jian Council.
  1107 | D:2      | Found a sacrificial altar of Ru.
  1107 | D:2      | Found a sparkling altar of Nemelex Xobeh.
  1107 | D:2      | Found a blossoming altar of Fedhas.
  1108 | D:2      | Found a stormy altar of Qazlal.
  1113 | D:2      | Found a shattered altar of Ashenzari.
  1139 | D:2      | Reached XP level 4. HP: 44/44 MP: 3/3
  1191 | D:2      | Became a worshipper of Ru the Awakened
  1201 | D:2      | Gained mutation: You cannot study or use magical devices.
                  | [Ru sacrifice]
  1201 | D:2      | Reached * piety under Ru
  1201 | D:2      | Reached ** piety under Ru
  1562 | D:2      | Reached skill level 4 in Unarmed Combat
  1629 | D:2      | Noticed a moth of wrath
  1633 | D:2      | Found a bloodstained altar of Trog.
  1757 | D:3      | Reached XP level 5. HP: 23/53 MP: 4/4
  1871 | D:3      | Noticed an ogre
  1877 | D:3      | Killed an ogre
  1943 | D:3      | Found a glowing golden altar of the Shining One.
  1953 | D:3      | Found a basalt altar of Yredelemnul.
  2106 | D:3      | Reached skill level 5 in Unarmed Combat
  2106 | D:3      | Reached XP level 6. HP: 51/61 MP: 5/5
  2111 | D:3      | Noticed Robin
  2151 | D:3      | Killed Robin
  2201 | D:3      | Noticed a human
  2202 | D:3      | Found a runed translucent door.
  2206 | D:3      | Found a basalt altar of Yredelemnul.
  2441 | D:3      | Noticed an angel
  2697 | D:4      | HP: 3/62 [orc/+0 flail (1)]
  2698 | D:4      | Slain by an orc

Illustrated notes

Levels and vault maps discovered:
D:1:      mrwooster_arrival_statue_3, layout_basic, hex_large,
          minmay_misc_feat_encased, palyth_stone_intersect
D:2:      layout_basic, tgw_trog, minitemple
D:3:      layout_basic, grunt_temple_overflow_holy_war, dk_yredelemnul_ordeal,
          uniq_robin
D:4:      corexii_shack_village, layout_basic, temple_green,
          ebering_ghost_reflecting_pool, first_ration

Skill      XL: |  1  2  3  4  5 |
---------------+----------------+-----
Dodging        | 3 |  3.6
Fighting       | 3 |  3.6
Unarmed Combat | 4 5 |  5.3
Stealth        | |  1.3

Action                   |  1- 3 |  4- 6 || total
-------------------------+-------+-------++-------
Melee: Unarmed           |    93 |   194 ||   287
       Punch             |     1 |     4 ||     5
Invok: Sacrifice Artific |       |     1 ||     1
  Use: Potion            |       |     6 ||     6
 Stab: Sleeping          |     2 |     3 ||     5
       Distracted        |       |     1 ||     1
  Eat: Chunk             |    16 |    13 ||    29
Armor: Robe              |    45 |    55 ||   100
Dodge: Dodged            |    44 |   120 ||   164
